 Dungeon Crawl Stone Soup version 0.24.1-4-ge52af88ad5 (webtiles) character file.

Game seed: 10908035855229008443, levelgen mode: deterministic

114 MisterOstroum the Magician (level 4, -2/54 HPs)
             Began as a Hill Orc Wizard on Apr 11, 2020.
             Slain by a bullfrog (6 damage)
             ... on level 4 of the Dungeon on Apr 12, 2020.
             The game lasted 00:11:53 (4879 turns).

MisterOstroum the Magician (Hill Orc Wizard)        Turns: 4879, Time: 00:11:53

Health: -2/54      AC:  3    Str: 14    XL:     4   Next: 97%
Magic:  1/8        EV: 12    Int: 19    God:
Gold:   109        SH:  0    Dex:  9    Spells: 1/9 levels left

rFire    . . .     SeeInvis .   t - +0 whip
rCold    . . .     Gourm    .   (no shield)
rNeg     . . .     Faith    .   a - +0 robe
rPois    .         Spirit   .   u - +0 helmet
rElec    .         Reflect  .   (no cloak)
rCorr    .         Harm     .   (no gloves)
MR       .....                  (no boots)
Stlth    ..........             (no amulet)
HPRegen  0.18/turn              (no ring)
MPRegen  0.11/turn              (no ring)

@: mighty, berserking, lethally poisoned (-2 -> -4), very quick
A: no striking features
a: no special abilities


You were on level 4 of the Dungeon.
You were hungry.

You visited 1 branch of the dungeon, and saw 4 of its levels.

You collected 109 gold pieces.

Inventory:

Hand Weapons
 d - a +0 short sword
 t - a +0 whip (weapon)
Armour
 a - a +0 robe (worn)
 b - a +0 hat
 u - a +0 helmet (worn)
Jewellery
 j - an uncursed ring of teleportation
Scrolls
 c - 2 scrolls of remove curse {@r2}
 f - a scroll of random uselessness {unknown}
 g - 2 scrolls of magic mapping {unknown}
 h - 3 scrolls of noise {unknown}
 k - 2 scrolls of immolation {unknown}
 l - a scroll of fear {unknown}
 n - a scroll of enchant armour {unknown}
 o - 4 scrolls of identify {unknown}
 q - a scroll of teleportation {unknown}
Potions
 m - a potion of agility {@q5 !q}
 p - a potion of degeneration {unknown}
 r - a potion of might {@q3 !q}
 s - a potion of cancellation
 v - a potion of lignification {unknown}
Comestibles
 e - 4 rations
 w - a chunk of flesh


   Skills:
 - Level 2.0 Fighting
 + Level 1.6 Maces & Flails
 - Level 1.5 Dodging
 - Level 2.1 Stealth
 - Level 3.0 Spellcasting
 + Level 2.4 Conjurations
 - Level 1.0 Summonings
 - Level 0.7 Translocations


You had one spell level left.
You knew the following spells:

 Your Spells              Type           Power        Failure   Level  Hunger
a - Magic Dart            Conj           ##..         5%          1    None
b - Call Imp              Summ           #.......     16%         2    ##.....
c - Mephitic Cloud        Conj/Pois/Air  #.......     32%         3    ###....
B - Blink                 Tloc           N/A          17%         2    ##.....

Your spell library contained the following spells:

 Spells                   Type           Power        Failure   Level  Hunger
 Slow                     Hex            #.......     22%         2    ##.....
 Conjure Flame            Conj/Fire      #.......     28%         3    ###....


Dungeon Overview and Level Annotations

Branches:
Dungeon (4/15)
 Temple: D:4-7

Altars:
Ashenzari
Ru
Trog

Annotations:
D:3 3 runed translucent doors, diiiiiane's ghost, weakling DEFE


Message History

You feel sick. The adder bites you.
You closely miss the adder.
The adder is heavily wounded.
The adder bites you.
You are more poisoned.
The adder poisons you!
Casting: Magic Dart (safe; 6% risk of failure)
Confirm with . or Enter, or press ? or * to list all spells.
Aiming: Magic Dart (safe; 6% risk of failure)
Press: ? - help, Shift-Dir - straight line, f/p - adder
Aim: an adder (heavily wounded)
The magic dart hits the adder.
The adder is almost dead.
You feel sick. The adder bites you.
You are more poisoned.
The adder poisons you!
Casting: Magic Dart (safe; 6% risk of failure)
Confirm with . or Enter, or press ? or * to list all spells.
Aiming: Magic Dart (safe; 6% risk of failure)
Press: ? - help, Shift-Dir - straight line, f/p - adder
Aim: an adder (almost dead)
The magic dart hits the adder.
The adder is almost dead.
You feel sick. The adder barely misses you. The adder closely misses you.
You miss the adder.
The adder is almost dead.
You feel sick. The adder misses you.
Casting: Magic Dart (safe; 6% risk of failure)
Confirm with . or Enter, or press ? or * to list all spells.
Aiming: Magic Dart (safe; 6% risk of failure)
Press: ? - help, Shift-Dir - straight line, f/p - adder
Aim: an adder (almost dead)
You miscast Magic Dart.
You are very lightly contaminated with residual magic.
Your skin tingles.
You feel sick. The adder bites you.
Casting: Magic Dart (safe; 6% risk of failure)
Confirm with . or Enter, or press ? or * to list all spells.
Aiming: Magic Dart (safe; 6% risk of failure)
Press: ? - help, Shift-Dir - straight line, f/p - adder
Aim: an adder (almost dead)
The magic dart hits the adder.
You kill the adder!
You feel sick.
A bullfrog comes into view.
You feel sick.
The bullfrog gives a loud, deep croak!
You see here an adder corpse.
You butcher the adder corpse.
You feel sick.
Things that are here:
2 chunks of flesh; an adder skeleton You feel sick.
Casting: Magic Dart (safe; 5% risk of failure)
Confirm with . or Enter, or press ? or * to list all spells.
A beastly little devil appears in a puff of flame.
You feel sick.
You swap places.
You feel sick. The bullfrog hits your crimson imp.
Your crimson imp hits the bullfrog.
The bullfrog hits your crimson imp.
The bullfrog completely misses your crimson imp.
Your crimson imp hits the bullfrog.
You feel sick.
The bullfrog barely misses your crimson imp.
Your crimson imp barely misses the bullfrog.
The bullfrog hits your crimson imp. x2
Your crimson imp dies!
You feel sick.
Casting: Call Imp (safe; 16% risk of failure)
Confirm with . or Enter, or press ? or * to list all spells.
You miscast Call Imp.
You hear strange voices.
Casting: Call Imp (safe; 16% risk of failure)
Confirm with . or Enter, or press ? or * to list all spells.
You don't have enough magic to cast that spell.
Unknown command.
You feel sick.
The bullfrog hits you but does no damage.
You feel sick. The bullfrog hits you.
* * * LOW HITPOINT WARNING * * *
It was a potion of agility.
You feel agile all of a sudden. The bullfrog closely misses you.
It was a potion of cancellation.
Your magical effects are unravelling.
You feel magically purged.
Your magical contamination has completely faded away.
You feel a little less agile now. The bullfrog barely misses you.
The bullfrog misses you.
It was a potion of might.
You feel very mighty all of a sudden.
You are feeling hungry.
You feel sick. The bullfrog misses you.
You closely miss the bullfrog.
The bullfrog is lightly wounded.
The bullfrog hits you.
* * * LOW HITPOINT WARNING * * *
The bullfrog misses you.
It was a potion of berserk rage.
A red film seems to cover your vision as you go berserk!
You feel yourself moving faster!
You feel mighty! The bullfrog hits you.
You die...

#####.#..............#
#....................#
##.###................####
.........................##
....##..##.....##.######..#
........##.....##.# #.#.#
##.......+.....+..# #.#.##
##..######.....#.######.#..##.#.
##.).....+.....+@.......%.......
##.+######.....#F#'####.#..##.#.
##.#....# .)...#......#.#...#
.._.....# #......#.#.#.#
.#.#....# #......#.#.#...
##......# #......#.#.# ..#
###'###.# #......#.#.# .#
....###.# #.#+####.#.# .#
#......... #.#


You could see a bullfrog.

Vanquished Creatures
  A gnoll (D:3)
  2 adders
  A worm (D:3)
  2 dart slugs
  3 leopard geckos
  2 orcs (D:3)
  2 ball pythons
  5 bats
  5 giant cockroaches
  5 goblins
  12 hobgoblins
  4 jackals (D:2)
  7 kobolds
  A quokka (D:4)
  4 frilled lizards
  A jackal skeleton (D:4)
  5 rats
62 creatures vanquished.

Vanquished Creatures (collateral kills)
  2 worms (D:2)
2 creatures vanquished.

Grand Total: 64 creatures vanquished

Notes
Turn   | Place    | Note
-------+----------+-------------------------------------------
     0 | D:1      | MisterOstroum the Hill Orc Wizard began the quest for the
                  | Orb.
     0 | D:1      | Reached XP level 1. HP: 14/14 MP: 3/3
    59 | D:1      | Reached skill level 1 in Fighting
   225 | D:1      | Reached XP level 2. HP: 13/24 MP: 1/5
   423 | D:1      | Learned a level 2 spell: Call Imp
   426 | D:1      | Learned a level 2 spell: Blink
  1090 | D:1      | Reached XP level 3. HP: 29/29 MP: 2/7
  1775 | D:2      | Reached skill level 3 in Spellcasting
  2135 | D:1      | Learned a level 3 spell: Mephitic Cloud
  2704 | D:3      | Reached XP level 4. HP: 36/36 MP: 3/8
  2996 | D:3      | Found a sacrificial altar of Ru.
  3120 | D:3      | Reached skill level 1 in Maces & Flails
  3167 | D:3      | Found a faded altar of an unknown god.
  3696 | D:3      | Found a bloodstained altar of Trog.
  4230 | D:2      | Upgraded the game from 0.24.1-1-gd1d2a07e1b to
                  | 0.24.1-4-ge52af88ad5
  4401 | D:3      | Found a runed translucent gate.
  4401 | D:3      | Found a runed translucent gate.
  4401 | D:3      | Found a runed translucent gate.
  4402 | D:3      | Noticed diiiiiane's ghost (weakling DEFE)
  4402 | D:3      | Noticed a big kobold
  4402 | D:3      | Noticed a big kobold
  4717 | D:4      | Found a shattered altar of Ashenzari.
  4860 | D:4      | Noticed a bullfrog
  4879 | D:4      | Slain by a bullfrog

Levels and vault maps discovered:
D:1:      saegor_arrival_miasma, layout_loops_cross, minmay_misc_feat_rows,
          minmay_split_cup_large
D:2:      layout_rooms
D:3:      layout_basic, marbit_many_paths, gammafunk_ghost_nasty_kobolds,
          chequers_ecumenical_altar_island, hangedman_ru_absence
D:4:      layout_basic, ashenzari_altar_1, hangedman_abyss_or_decor_passed,
          kennysheep_generic_room_5

Skill      XL: |  1  2  3  4 |
---------------+-------------+-----
Fighting       | 1 2 |  2.0
Spellcasting   | 3 |  3.0
Stealth        | 2 |  2.1
Maces & Flails | 1 |  1.6
Conjurations   | 2 |  2.4
Dodging        | |  1.5
Summonings     | |  1.0
Translocations | |  0.7

Action                   |  1- 3 |  4- 6 || total
-------------------------+-------+-------++-------
Melee: Unarmed           |    30 |       ||    30
       Short sword       |    60 |     8 ||    68
       Whip              |       |    70 ||    70
 Cast: Magic Dart        |   106 |    62 ||   168
       Blink             |     1 |     1 ||     2
       Mephitic Cloud    |     1 |       ||     1
       Call Imp          |       |     3 ||     3
  Use: Scroll            |     1 |       ||     1
       Potion            |       |     4 ||     4
 Stab: Sleeping          |       |     1 ||     1
  Eat: Chunk             |     4 |     2 ||     6
       Ration            |     1 |     1 ||     2
Armor: Robe              |    55 |    12 ||    67
Dodge: Dodged            |    92 |    64 ||   156
